AoeStats
← 2-way slashing playmaker

Black Forest

509951328Analyzed
2v2 RM · 3d ago on Sep 28, 2026· 71m 9s· 4 players
Game mode
Random Map
Map size
Medium (4 player)
Population
200
Speed
Normal
Resources
Standard
Victory
Conquest
Starting age
Dark Age
Ending age
Imperial Age
RankedLock teamsTeams togetherTeam positionsShared explorationLock speedFull tech treeHidden civsTurbo modeCheats
Victory
Defeat
🇫🇮 Franks · Finland
726
+17
🇲🇽 Maya · Mexico
704
+18
🇬🇧 Vikings · United Kingdom
860
-22
🇩🇪 Romans · Germany
642
-13
Klingarn
0:51 Loom
14:51 Feudal Age
15:26 Gold Mining
15:26 Double-Bit Axe
26:58 Castle Age
25:14 Forging
25:10 Scale Barding Armor
28:28 Gold Shaft Mining
28:22 Husbandry
29:07 Iron Casting
28:53 Chain Barding Armor
29:18 Bow Saw
35:51 Stone Mining
38:06 Wheelbarrow
39:24 Fortified Wall
39:09 Murder Holes
39:35 Ballistics
38:56 Treadmill Crane
39:26 Masonry
40:32 Hand Cart
42:47 Imperial Age
40:03 Town Watch
40:10 Fletching
45:36 Chemistry
44:42 Siege Engineers
45:07 Architecture
43:59 Cavalier
44:02 Onager
44:46 Chivalry
45:07 Conscription
46:38 Town Patrol
48:47 Blast Furnace
48:22 Plate Barding Armor
47:43 Bodkin Arrow
50:23 Paladin
51:17 Caravan
60:16 Spies/Treason
Peyotl
0:30 Loom
16:56 Feudal Age
18:27 Horse Collar
19:25 Wheelbarrow
18:37 Double-Bit Axe
18:41 Arson
18:51 Gold Mining
18:54 Stone Mining
22:16 Padded Archer Armor
23:23 Fletching
23:43 Forging
30:46 Scale Mail Armor
60:15 Castle Age
61:44 Hand Cart
61:31 Heavy Plow
61:49 Bow Saw
61:08 Elite Skirmisher
61:11 Pikeman
61:53 Squires
61:16 Eagle Warrior
62:37 Iron Casting
62:35 Coinage
63:38 Bodkin Arrow
63:57 Fortified Wall
64:44 Murder Holes
64:51 Caravan
66:38 Chain Mail Armor
66:58 Hul'che Javelineers
68:36 Leather Archer Armor
68:44 Ballistics
70:18 Masonry
DdoubleM
0:39 Loom
14:07 Feudal Age
14:11 Man-at-Arms
14:58 Double-Bit Axe
16:46 Arson
25:22 Scale Mail Armor
34:38 Castle Age
34:28 Forging
35:04 Long Swordsman
43:00 Pikeman
49:41 Chain Mail Armor
58:27 Imperial Age
61:18 Conscription
69:18 Elite Varangian Guard
2-way slashing playmaker
1:52 Loom
13:42 Feudal Age
13:58 Man-at-Arms
14:38 Double-Bit Axe
17:26 Scale Mail Armor
18:19 Wheelbarrow
17:29 Town Watch
23:03 Castle Age
24:53 Hand Cart
24:38 Town Patrol
28:57 Bow Saw
54:21 Chain Mail Armor
55:21 Squires
54:42 Pikeman
59:41 Forging
Connection lost

Rejoining the realm…

Still unreachable

The connection could not be restored.

Session expired

The server has moved on; the page needs a fresh start.